 Dungeon Crawl Stone Soup version 0.30-a0-4-ga7cffc901d (webtiles) character file.

Game seed: 15165714652543816302

448 wingedge the Magician (level 6, -1/47 HPs)
             Began as a Mummy Conjurer on Aug 21, 2022.
             Slain by an ogre
             ... wielding a +0 giant spiked club
              (12 damage)
             ... on level 5 of the Dungeon.
             The game lasted 00:31:06 (5481 turns).

wingedge the Magician (Mummy Conjurer)              Turns: 5481, Time: 00:31:07

Health: -1/47      AC:  2    Str: 10    XL:     6   Next: 73%
Magic:  6/15       EV: 12    Int: 20    God:
Gold:   115        SH:  0    Dex: 10    Spells: 11/17 levels left

rFire   . . .      SeeInvis .    a - +2 short sword (drain)
rCold   + . .      Faith    .    (no shield)
rNeg    + + +      Spirit   .    s - +0 robe
rPois   ∞          Reflect  .    (no helmet)
rElec   .          Harm     .    (no cloak)
rCorr   .          Rampage  .    (no gloves)
Will    .....                    (no boots)
Stlth   ++........               (no amulet)
HPRegen 0.15/turn                h - ring of flight
MPRegen 0.14/turn                c - ring of protection from fire

@: flying
A: cold resistance 1, negative energy resistance 3, torment resistance 2, heat
vulnerability 1, in touch with death 1, no potions
a: no special abilities


You were on level 5 of the Dungeon.
You visited 1 branch of the dungeon, and saw 5 of its levels.

You collected 115 gold pieces.

Inventory:

Hand Weapons
 a - a +2 short sword of draining (weapon)
Armour
 b - the +1 ring mail "Ukhlyeg" {Dex+4 Stlth-}
   (You found it on level 4 of the Dungeon)

   Dex:       It affects your dexterity (+4).
   Stlth:     It makes you less stealthy.
 m - an orb of guile
 o - a +0 leather armour
 s - a +0 robe (worn)
Jewellery
 c - a ring of protection from fire (right hand)
 h - a ring of flight (left hand)
Wands
 p - a wand of polymorph (5)
Scrolls
 e - a scroll of blinking
 f - 2 scrolls of torment
 i - 2 scrolls of fear
 j - a scroll of enchant armour {unknown}
 k - a scroll of teleportation {unknown}
 l - a scroll of silence {unknown}
 n - 3 scrolls of poison
 q - 3 scrolls of immolation
 r - a scroll of noise {unknown}


   Skills:
 - Level 3.0 Fighting
 - Level 2.0 Dodging
 - Level 2.0 Stealth
 + Level 6.0 Spellcasting
 - Level 3.2 Conjurations
 - Level 3.0 Earth Magic


You had 11 spell levels left.
You knew the following spells:

 Your Spells              Type           Power      Damage    Failure   Level
a - Magic Dart            Conj           76%        1d6       2%          1
b - Searing Ray           Conj           38%        2d5       4%          2
c - Stone Arrow           Conj/Erth      36%        3d9       9%          3

Your spell library contained the following spells:

 Spells                   Type           Power      Damage    Failure   Level
 Sandblast                Erth           36%        2d10      3%          1
 Passwall                 Tmut/Erth      10%        N/A       9%          2
 Dazzling Flash           Conj/Hex       24%        N/A       16%         3
 Fulminant Prism          Conj/Hex       6%         3d7       47%         4
 Iskenderun's Mystic Bla  Conj/Tloc      12%        2d5       47%         4
 Agony                    Necr           9%         N/A       96%         5
 Silence                  Hex/Air        3%         N/A       96%         5


Dungeon Overview and Level Annotations

Branches:
Dungeon (5/15)
 Temple: D:4-7

Altars:

Shops:
D:2 *   D:5 *


Innate Abilities, Weirdness & Mutations

You are immune to poison.
Your flesh is cold resistant. (rC+)
You are immune to negative energy. (rN+++)
You are immune to unholy pain and torment.
You are vulnerable to heat. (rF-)
You are in touch with the powers of death.
You do not drink.


Message History

The searing ray hits the scorpion.
The scorpion is lightly wounded. (Press . to maintain the ray.)
The searing ray hits the scorpion.
The scorpion is lightly wounded.
The searing ray hits the scorpion.
The scorpion is moderately wounded.
The searing ray hits the scorpion but does no damage.
The scorpion is moderately wounded.
You finish channelling your searing ray.
The scorpion stings you.
Casting: Searing Ray (safe; 4% risk of failure)
Confirm with . or Enter, or press ? or * to list all spells.
Aiming: Searing Ray (safe; 4% risk of failure)
Press: ? - help, Shift-Dir - straight line, f/p - scorpion
Aim: a scorpion (moderately wounded, 78% to hit)
The searing ray hits the scorpion.
The scorpion is moderately wounded. (Press . to maintain the ray.)
The scorpion stings you.
An ogre comes into view. It is wielding a +0 giant spiked club.
The scorpion closely misses you.
The searing ray hits the scorpion.
The scorpion is severely wounded.
The scorpion barely misses you.
The searing ray hits the scorpion.
The scorpion is almost dead.
The scorpion closely misses you.
The searing ray hits the scorpion.
The scorpion is almost dead.
You finish channelling your searing ray.
The scorpion stings you.
The ogre hits you with a +0 giant spiked club!!
Ouch! That really hurt!
* * * LOW HITPOINT WARNING * * *
As you read the scroll of fear, it crumbles to dust.
You assume a fearsome visage.
The ogre resists with some effort.
The scorpion looks frightened!
The ogre hits you with a +0 giant spiked club!
You die...

#.#.# #.#....###
#.#.#########.#...∩...
#.#.##..........##†...
#.#.##.###########..##
#.#.................##
#.####.#######........
#.###...## #.##.##..
##........# # #. ###
#...O@....# #.
#.###.....# #. #.
#s...## #. #.#### >.
..# ... .. #.# #.# ..s
#.# #.# ... ##.#
..####...


You could see an ogre and a scorpion (fleeing).

Vanquished Creatures
  An ogre (D:4)
  A necrophage (D:5)
  4 hounds (D:4)
  7 adders
  An ufetubus (D:4)
  4 dart slugs
  3 worms (D:2)
  8 orcs
  10 ball pythons
  4 bats
  10 endoplasms
  6 giant cockroaches
  4 hobgoblins
  8 jackals
  7 kobolds
  3 quokkas
  A frilled lizard (D:2)
  10 goblins
  4 rats
96 creatures vanquished.

Notes
Turn   | Place    | Note
-------+----------+-------------------------------------------
     0 | D:1      | wingedge the Mummy Conjurer began the quest for the Orb.
     0 | D:1      | Reached XP level 1. HP: 13/13 MP: 4/4
   101 | D:1      | Reached skill level 1 in Fighting
   310 | D:1      | Reached skill level 3 in Spellcasting
   351 | D:1      | Reached XP level 2. HP: 21/21 MP: 0/6
   866 | D:1      | Reached skill level 4 in Spellcasting
  1146 | D:1      | Gained mutation: You are in touch with the powers of death.
                  | [Mummy growth]
  1146 | D:1      | Reached XP level 3. HP: 26/26 MP: 6/8
  1231 | D:1      | Learned a level 2 spell: Searing Ray
  1410 | D:1      | Learned a level 3 spell: Stone Arrow
  1951 | D:2      | Reached skill level 1 in Earth Magic
  2136 | D:2      | Reached XP level 4. HP: 33/33 MP: 3/10
  2200 | D:2      | Found Ylechaji's Assorted Antiques.
  3822 | D:4      | Noticed an ogre
  3825 | D:4      | Reached XP level 5. HP: 38/38 MP: 8/12
  3828 | D:4      | Killed an ogre
  3829 | D:4      | Reached skill level 5 in Spellcasting
  4374 | D:4      | Reached XP level 6. HP: 47/47 MP: 8/14
  5087 | D:4      | Reached skill level 6 in Spellcasting
  5155 | D:4      | Identified the +1 ring mail "Ukhlyeg" {Dex+4 Stlth-}
  5169 | D:5      | Entered Level 5 of the Dungeon
  5308 | D:5      | Found Bonuoz's Assorted Antiques.
  5481 | D:5      | Slain by an ogre

Illustrated notes

Levels and vault maps discovered:
D:1:      psy_arrival_fountain, layout_basic, minmay_misc_feat_enclosed
D:2:      layout_rooms, serial_shops, shop_statue
D:3:      layout_loops_ring, mainiacjoe_overflow_six_doors_small
D:4:      layout_basic
D:5:      kennysheep_big_flooded_room, layout_loops_ring, amcnicky_altar_gilded,
          serial_shops, nicolae_square_shop

Skill      XL: |  1  2  3  4  5  6 |
---------------+-------------------+-----
Fighting       | 1 2 3 |  3.0
Spellcasting   | 3 4 5 6 |  6.0
Earth Magic    | 1 2 3 |  3.0
Dodging        | 2 |  2.0
Stealth        | 2 |  2.0
Conjurations   | |  3.2

Action                   |  1- 3 |  4- 6 || total
-------------------------+-------+-------++-------
Melee: Dagger            |    12 |       ||    12
       Short sword       |    16 |     5 ||    21
 Cast: Magic Dart        |    94 |    56 ||   150
       Searing Ray       |     8 |    24 ||    32
       Stone Arrow       |       |    11 ||    11
  Use: Scroll            |       |     6 ||     6
Armor: Robe              |    12 |     3 ||    15
Dodge: Dodged            |    27 |    26 ||    53

Table legend: (Time is in decaauts)
 A = Elapsed time spent in this place.
 B = Non-inter-level travel time spent in this place.
 C = Inter-level travel time spent in this place.
 D = Time resting spent in this place.
 E = Time spent auto-exploring this place.
 F = Levels seen in this place.
 G = Mean time per level.
                   A        B        C        D        E       F      G
               +--------+--------+--------+--------+--------+-----+--------+
         Total |   5481 |   5205 |    276 |   2412 |    366 |   5 | 1096.2 |
       Dungeon |   5481 |   5205 |    276 |   2412 |    366 |   5 | 1096.2 |
               +--------+--------+--------+--------+--------+-----+--------+

Top non-repeatable levels by time:
     D:1: 1649 daAuts
     D:3: 1253 daAuts
     D:4: 1148 daAuts
     D:2: 1118 daAuts
     D:5: 311 daAuts
